Map: Efflorescence LE

Players

OpuS - Winner!

  • Race: Protoss Protoss
  • League: Platinum
  • Spawn Location: 12:00

Sketchaphone - Winner!

  • Race: Zerg Zerg
  • League: Platinum
  • Spawn Location: 3:00

inundate

  • Race: Protoss Protoss
  • League: Diamond
  • Spawn Location: 9:00

Velocivus

  • Race: Terran Terran
  • Spawn Location: 6:00

VOD

Have the link to the VOD?

Description

Time

  • Played on: Feb. 12, 2019, 9:29 p.m.
  • Length: 17:46
Show
View Real Time Build Order
Export as new Build Order

OpuS Protoss - Winner!

Build Orders: 1 Gate Expand, Carriers 

Get SALT Encoding   

  12  0:01  Probe  
  13  0:13  Probe  
  14  0:18  Pylon  
  14  0:25  Probe  
  15  0:37  Probe  
  15  0:40  Gateway  
  16  0:49  Probe  
  17  0:57  Probe  
  17  0:58  Assimilator  
  18  1:05  Probe  
  19  1:16  Probe  
  20  1:33  Nexus  
  20  1:37  Probe  
  21  1:48  Probe, Cybernetics Core  
  22  1:56  Probe  
  23  2:06  Assimilator  
  23  2:16  Warp Gate  
  23  2:35  Pylon  
  23  2:37  Pylon  
  23  2:45  Stalker, Probe  
  26  2:52  Probe  
  26  2:57  Probe  
  28  3:00  Gateway  
  28  3:01  Gateway  
  28  3:04  Probe  
  28  3:09  Probe  
  28  3:17  Adept  
  30  3:27  Stargate  
  30  3:28  Probe  
  30  3:29  Probe  
  30  3:34  Pylon  
  32  3:42  Probe x2  
  34  3:54  Probe x2  
  36  4:01  Oracle  
  36  4:05  Stalker, Adept x2  
  36  4:09  Probe  
  44  4:10  Probe  
  47  4:18  Pylon  
  47  4:22  Probe x2  
  49  4:28  Stalker  
  51  4:35  Probe  
  51  4:36  Probe  
  53  4:40  Twilight Council  
  53  4:45  Void Ray  
  53  4:48  Probe x2  
  53  4:52  Assimilator  
  59  4:54  Assimilator  
  59  5:00  Probe  
  60  5:07  Gateway  
  60  5:10  Gateway  
  60  5:15  Charge  
  60  5:17  Probe x2  
  62  5:33  Zealot x3  
  68  5:45  Fleet Beacon  
  68  5:49  Gateway  
  68  5:52  Gateway  
  68  5:55  Pylon  
  68  5:59  Gateway  
  68  6:12  Pylon  
  68  6:13  Pylon  
  68  6:15  Pylon  
  72  6:21  Adept x2  
  76  6:38  Zealot  
  76  6:39  Zealot x2  
  82  6:44  Carrier  
  84  6:51  Probe x2  
  86  7:09  Nexus  
  86  7:12  Pylon  
  86  7:13  Pylon  
  83  7:18  Stargate  
  83  7:20  Stargate  
  83  7:21  Stargate  
  83  7:26  Zealot x2  
  83  7:27  Zealot x2  
  91  7:36  Probe  
  91  7:37  Probe  
  93  7:39  Carrier  
  93  7:46  Pylon  
  93  7:47  Pylon  
  93  7:48  Protoss Air Weapons Level 1, Probe  
  93  7:49  Probe  
  101  8:02  Probe  
  101  8:03  Probe  
  103  8:06  Pylon  
  103  8:11  Zealot x2  
  107  8:18  Carrier  
  107  8:21  Probe x3  
  110  8:33  Zealot  
  118  8:34  Zealot  
  118  8:40  Probe x3  
  123  8:45  Zealot  
  125  8:52  Zealot x2, Probe  
  130  9:00  Carrier  
  136  9:05  Probe  
  136  9:06  Probe x2  
  139  9:14  Carrier, Forge  
  139  9:16  Cybernetics Core  
  143  9:39  Carrier  
  143  9:40  Carrier  
  129  9:55  Carrier  
  115  10:05  Stalker  
  115  10:06  Stalker x3  
  115  10:08  Probe x2  
  115  10:09  Probe  
  118  10:20  Probe x2, Assimilator  
  120  10:24  Assimilator  
  120  10:28  Stalker x4  
  119  10:54  Carrier  
  124  11:18  Probe  
  124  11:19  Probe x2  
  124  11:23  Zealot x4  
  124  11:24  Zealot x4  
  143  11:31  Probe  
  144  11:33  Tempest  
  144  11:35  Tempest  
  152  11:58  Tempest  
  157  12:10  Nexus  
  157  12:24  Pylon  
  157  12:26  Pylon  
  157  12:27  Pylon  
  157  12:29  Pylon  
  157  12:34  Pylon  
  157  12:36  Tempest  
  154  12:37  Tempest  
  154  12:38  Assimilator  
  154  12:43  Assimilator  
  155  12:47  Tempest x2  
  165  12:52  Protoss Air Weapons Level 2  
  165  13:01  Protoss Air Armor Level 1, Protoss Shields Level 1  
  165  13:09  Stargate  
  165  13:15  Stargate  
  165  13:22  Probe x3  
  165  13:23  Probe  
  169  13:30  Tempest  
  174  13:46  Zealot x4  
  174  13:47  Zealot  
  174  13:48  Zealot x3  
  190  14:02  Tempest x2  
  176  14:29  Tempest x3  
  191  14:33  Probe x4  
  195  14:45  Probe  
  196  14:46  Probe x2  
  196  14:47  Protoss Air Armor Level 2, Probe  
  196  14:48  Protoss Shields Level 2  
  190  15:10  Probe x3  
  193  15:30  Nexus  
  193  15:33  Pylon  
  193  15:35  Assimilator  
  193  15:37  Carrier  
  193  15:41  Assimilator  
  180  16:31  Carrier x3  
  184  17:00  Stalker x6  
  184  17:01  Stalker x2  
  183  17:24  Probe x3  
  183  17:25  Probe  
Show
View Real Time Build Order
Export as new Build Order

Sketchaphone Zerg - Winner!

Build Orders: Hatch First, Muta Ling Bane 

Get SALT Encoding   

  12  0:01  Drone  
  13  0:12  Overlord  
  13  0:20  Drone  
  14  0:23  Drone, Extractor  
  15  0:31  Drone  
  16  0:35  Drone  
  17  0:57  Hatchery  
  16  1:00  Drone  
  16  1:03  Drone  
  16  1:04  Extractor  
  17  1:18  Spawning Pool  
  17  1:22  Drone  
  17  1:24  Drone  
  18  1:35  Drone  
  19  1:41  Drone  
  20  1:50  Overlord  
  20  2:03  Drone  
  20  2:08  Overlord, Queen  
  23  2:12  Metabolic Boost  
  23  2:14  Zergling x2  
  24  2:21  Queen  
  26  2:24  Drone  
  26  2:29  Drone  
  28  2:38  Drone  
  28  2:40  Drone  
  30  2:44  Overlord  
  30  2:46  Drone  
  31  2:53  Queen  
  33  3:01  Queen  
  33  3:03  Drone  
  36  3:07  Drone x2  
  36  3:10  Drone  
  39  3:13  Drone  
  39  3:15  Drone  
  41  3:26  Overlord  
  41  3:46  Drone x4  
  41  3:47  Evolution Chamber  
  44  3:50  Overlord, Hatchery  
  43  3:57  Pneumatized Carapace  
  43  3:58  Overlord  
  43  4:00  Drone  
  44  4:08  Zergling x4  
  46  4:15  Drone, Zerg Ground Armor Level 1  
  46  4:16  Drone  
  48  4:17  Extractor  
  48  4:19  Drone x4  
  48  4:21  Extractor  
  48  4:22  Extractor  
  49  4:26  Zergling x2  
  49  4:29  Overlord  
  50  4:36  Overlord  
  50  4:41  Lair  
  50  4:47  Drone x4  
  50  4:52  Zergling x2  
  55  4:54  Zergling x6  
  58  5:03  Zergling x2  
  58  5:04  Zergling x2  
  58  5:05  Zergling x2  
  58  5:06  Overlord  
  61  5:12  Spore Crawler  
  61  5:13  Zergling x2  
  61  5:20  Baneling Nest  
  61  5:21  Evolution Chamber, Drone x3  
  62  5:51  Drone x3  
  65  5:59  Spire, Zerg Melee Weapons Level 1  
  65  6:02  Drone x2  
  66  6:07  Queen  
  66  6:08  Queen x2  
  66  6:10  Zerg Ground Armor Level 2  
  66  6:11  Overlord  
  71  6:36  Baneling  
  71  6:37  Baneling x11  
  71  6:38  Overlord x2, Zergling x6  
  74  6:40  Overlord x2  
  74  6:50  Overlord  
  73  6:54  Drone x7  
  79  7:04  Centrifical Hooks  
  79  7:08  Drone x2  
  79  7:12  Zerg Flyer Weapons Level 1, Mutalisk  
  79  7:13  Mutalisk  
  79  7:14  Mutalisk  
  86  7:22  Drone x3, Extractor  
  88  7:24  Extractor  
  87  7:36  Zergling x18  
  96  7:45  Burrow  
  96  7:47  Zergling x4  
  97  7:53  Mutalisk  
  97  7:54  Mutalisk x4  
  107  8:06  Queen  
  107  8:07  Overlord  
  107  8:08  Mutalisk x2  
  113  8:16  Mutalisk  
  115  8:35  Mutalisk x3  
  115  8:37  Overlord, Zergling x6  
  123  8:45  Mutalisk  
  123  8:46  Mutalisk  
  127  8:49  Hatchery  
  127  8:52  Zergling x10  
  131  9:02  Zerg Melee Weapons Level 2, Infestation Pit  
  130  9:20  Zergling x10  
  130  9:21  Zergling x10  
  110  9:55  Zergling x24  
  118  10:04  Queen  
  118  10:09  Mutalisk x4  
  118  10:12  Mutalisk  
  118  10:13  Zerg Flyer Weapons Level 2  
  128  10:19  Hive  
  119  10:21  Mutalisk x3  
  120  10:46  Queen  
  122  10:54  Mutalisk x7  
  122  10:56  Drone x3  
  138  11:31  Mutalisk x2  
  138  11:32  Mutalisk x2  
  133  11:48  Corruptor x5  
  133  11:51  Zergling x18  
  152  12:09  Baneling x13  
  152  12:10  Baneling  
  152  12:11  Zergling x12  
  158  12:17  Drone x3  
  158  12:21  Hatchery  
  140  13:02  Zergling x30  
  143  13:12  Spore Crawler  
  143  13:13  Spore Crawler  
  143  13:17  Zergling x6  
  92  13:47  Zergling x16  
  71  13:59  Zergling x4  
  70  14:05  Spawning Pool  
  40  14:46  Hatchery  
  39  14:53  Hatchery  
  38  15:02  Zergling x6  
  41  15:12  Hatchery  
  40  15:15  Zergling x2  
  42  15:27  Spore Crawler  
  42  15:28  Spore Crawler x2  
  40  15:30  Spore Crawler  
  40  15:31  Spore Crawler  
  40  15:32  Spore Crawler  
  18  16:36  Drone x5  
  23  16:55  Hatchery  
  22  17:04  Hatchery  
  21  17:13  Drone x3  
  21  17:15  Drone  
  25  17:39  Spawning Pool  
Show
View Real Time Build Order
Export as new Build Order

inundate Protoss 

Build Orders: Double Forge, Nexus First 

Get SALT Encoding   

  1  0:00  Probe  
  12  0:06  Probe  
  14  0:18  Pylon  
  14  0:21  Probe  
  15  0:53  Probe  
  15  0:57  Nexus  
  16  1:01  Probe  
  17  1:11  Gateway  
  17  1:18  Assimilator  
  17  1:19  Probe  
  18  1:31  Probe  
  19  1:43  Probe  
  19  1:46  Assimilator  
  20  1:55  Gateway  
  20  2:00  Cybernetics Core, Probe  
  21  2:06  Probe  
  21  2:09  Probe  
  21  2:14  Probe  
  23  2:17  Probe  
  25  2:25  Probe  
  25  2:28  Pylon  
  26  2:39  Warp Gate  
  26  2:40  Probe  
  27  2:45  Probe  
  27  2:48  Twilight Council  
  28  2:53  Shield Battery  
  28  3:07  Probe  
  28  3:08  Probe  
  30  3:13  Shield Battery  
  30  3:16  Probe x2  
  30  3:19  Pylon  
  31  3:25  Probe  
  31  3:27  Probe  
  33  3:34  Adept  
  33  3:37  Adept  
  33  3:38  Probe  
  38  3:42  Probe  
  39  3:49  Assimilator  
  39  3:50  Probe  
  39  3:53  Assimilator  
  39  3:54  Probe  
  41  4:02  Templar Archives  
  41  4:03  Shield Battery  
  41  4:04  Probe  
  41  4:06  Probe  
  45  4:13  Charge  
  43  4:23  Forge  
  43  4:24  Forge  
  43  4:31  Forge  
  43  4:34  Probe  
  43  4:36  Probe  
  43  4:38  Psionic Storm  
  45  4:44  Probe  
  45  4:45  Zealot  
  45  4:47  Probe  
  45  4:51  High Templar  
  45  4:52  Probe  
  51  4:56  Pylon  
  51  4:58  Gateway  
  51  4:59  Probe  
  53  5:00  Gateway  
  53  5:02  Probe  
  54  5:07  Photon Cannon  
  51  5:28  Probe  
  51  5:30  Probe  
  53  5:36  Probe  
  53  5:38  High Templar  
  53  5:39  Zealot  
  53  5:42  Probe  
  59  5:44  Probe  
  60  5:54  Probe  
  60  5:56  Probe, Blink  
  62  6:25  Probe  
  62  6:27  Nexus  
  62  6:36  Protoss Ground Weapons Level 1  
  62  6:45  Pylon  
  62  6:46  Pylon  
  62  6:47  Protoss Ground Armor Level 1  
  62  6:53  Probe  
  62  6:54  Probe  
  62  6:58  Stalker x2  
  60  7:05  Probe  
  60  7:06  Probe  
  62  7:11  Photon Cannon  
  62  7:13  Shield Battery  
  62  7:14  Gateway  
  60  7:16  Gateway  
  60  7:17  Probe x2  
  60  7:18  Gateway  
  60  7:22  Pylon  
  60  7:25  Probe x2  
  62  7:30  High Templar  
  62  7:31  High Templar x2  
  62  7:32  Zealot  
  62  7:33  Probe x2  
  70  7:38  Probe  
  70  7:41  Probe  
  73  7:45  Probe  
  73  7:46  Pylon, Probe  
  73  7:49  Probe  
  73  7:50  Assimilator  
  76  7:54  Assimilator  
  76  7:55  Pylon  
  76  7:56  Zealot, Probe  
  76  7:57  Probe  
  79  8:05  Probe  
  81  8:09  Probe, Stargate  
  81  8:10  Stargate  
  82  8:13  Probe  
  82  8:18  Probe  
  84  8:24  High Templar x2  
  84  8:25  Zealot x3  
  84  8:26  Zealot  
  96  8:28  Archon  
  96  8:32  Pylon  
  95  8:46  Nexus  
  95  8:47  Protoss Ground Weapons Level 2  
  95  8:50  Assimilator  
  95  8:51  Probe x2, Photon Cannon  
  95  8:54  Protoss Air Weapons Level 1, Assimilator  
  95  8:55  Void Ray x2  
  101  8:58  Protoss Ground Armor Level 2  
  105  9:06  Zealot x2  
  105  9:07  Zealot, Probe  
  105  9:08  Probe x2  
  114  9:21  Photon Cannon  
  114  9:22  Shield Battery  
  114  9:23  Gateway  
  114  9:34  Stalker  
  114  9:35  Stalker  
  108  9:46  Archon  
  108  9:47  Archon  
  80  10:03  Probe x3  
  83  10:10  Pylon x2  
  83  10:15  Pylon  
  83  10:17  Stalker x4, Pylon  
  83  10:20  Stalker  
  93  10:42  Void Ray x2  
  101  10:46  Probe  
  101  10:47  Probe  
  103  10:51  High Templar x3, Probe  
  103  10:52  High Templar x2, Zealot x2  
  103  10:53  Zealot  
  103  10:54  Probe  
  121  10:59  Probe  
  122  11:04  Gateway x2  
  122  11:06  Probe  
  122  11:07  Shield Battery, Probe  
  122  11:09  Shield Battery, Probe x2  
  122  11:10  Photon Cannon  
  122  11:11  Protoss Ground Weapons Level 3, Protoss Ground Armor Level 3  
  126  11:14  Photon Cannon  
  126  11:21  Probe  
  127  11:27  Stalker  
  127  11:28  Stalker x2  
  127  11:31  Stalker  
  127  11:32  Stalker  
  127  11:50  Photon Cannon  
  127  11:52  Photon Cannon  
  127  11:58  Photon Cannon x2  
  106  12:16  Void Ray x2  
  106  12:17  High Templar  
  116  12:41  Nexus  
  116  12:43  Assimilator  
  116  12:47  Assimilator  
  116  12:51  Pylon  
  116  12:56  Pylon  
  116  13:08  Void Ray x2  
  124  13:24  Zealot x4  
  132  13:29  Pylon  
  132  13:30  Pylon  
  132  13:31  Pylon  
  132  13:34  Pylon  
  122  13:51  Void Ray  
  122  13:54  High Templar  
  122  13:55  High Templar x6  
  136  13:59  Archon x2  
  122  14:23  Archon x2  
  92  14:36  Stalker  
  92  14:37  Stalker x6  
  74  15:03  Stalker x4  
  74  15:04  Stalker x3  
  78  15:07  Probe  
  78  15:10  Probe x3  
  72  15:22  Probe x2  
  69  15:30  Shield Battery  
  69  15:31  Shield Battery  
  69  15:32  Shield Battery  
  69  15:33  Stalker  
  69  15:34  Stalker x3  
  74  15:41  Shield Battery  
  73  15:43  Shield Battery  
  72  16:02  Stalker x3  
  78  16:17  Stalker  
  66  16:29  Stalker  
  66  16:31  Stalker  
  60  16:33  Stalker  
  56  16:48  Stalker  
  54  17:06  Probe  
  39  17:17  High Templar x3  
  39  17:18  High Templar, Probe  
  39  17:21  Archon x2  
Show
View Real Time Build Order
Export as new Build Order

Velocivus Terran 

Build Orders:  

Get SALT Encoding   

  12  0:01  SCV  
  13  0:13  SCV  
  14  0:20  Supply Depot  
  14  0:25  SCV  
  15  0:41  SCV  
  16  0:43  Barracks  
  16  0:53  SCV  
  16  0:55  Supply Depot  
  17  1:05  SCV  
  17  1:09  Refinery  
  18  1:18  SCV  
  19  1:25  Engineering Bay  
  19  1:30  SCV  
  20  1:35  Marine  
  21  1:42  Barracks, Orbital Command  
  21  1:53  Marine  
  22  1:55  Refinery  
  22  2:12  SCV  
  23  2:27  Marine  
  24  2:32  Command Center  
  24  2:33  Marine  
  25  2:44  Missile Turret  
  25  2:49  SCV  
  25  2:50  Missile Turret  
  26  2:51  Marine  
  26  2:52  Marine  
  28  3:07  Supply Depot  
  28  3:12  Marine x2  
  28  3:14  SCV  
  31  3:28  SCV  
  31  3:33  Missile Turret  
  32  3:35  Marine x2  
  32  3:40  SCV  
  35  3:43  Supply Depot  
  35  3:52  Marine  
  35  3:53  Marine, Factory  
  35  3:54  Missile Turret  
  37  4:07  Hi-Sec Auto Tracking  
  37  4:09  Planetary Fortress  
  37  4:14  SCV  
  38  4:18  Marine  
  38  4:24  Barracks Tech Lab  
  39  4:26  SCV  
  40  4:36  Refinery  
  40  4:42  Marine  
  40  4:44  Marauder  
  43  4:45  Stimpack  
  43  4:48  Factory Tech Lab  
  43  4:56  Starport, SCV  
  43  4:58  SCV  
  45  5:05  Marine  
  46  5:10  SCV  
  46  5:11  Marauder  
  49  5:23  Missile Turret  
  49  5:32  Marine x2  
  49  5:35  Starport Tech Lab  
  51  5:43  SCV  
  51  5:44  Fusion Core  
  51  5:46  SCV  
  53  5:50  Marine x2  
  53  5:55  SCV  
  56  6:03  Missile Turret  
  56  6:08  SCV  
  56  6:11  Command Center  
  57  6:13  SCV  
  58  6:19  Marauder  
  58  6:20  Marine, SCV  
  62  6:35  Starport, SCV x2  
  62  6:36  Weapon Refit  
  62  6:37  Supply Depot  
  62  6:39  Supply Depot  
  64  6:40  Supply Depot  
  64  6:47  SCV  
  64  6:52  SCV  
  66  6:59  SCV  
  67  7:04  Refinery, SCV  
  68  7:11  SCV  
  69  7:17  Missile Turret  
  69  7:19  SCV  
  70  7:23  SCV  
  71  7:31  SCV  
  71  7:35  Battlecruiser, SCV  
  71  7:36  Starport Tech Lab  
  79  7:46  Starport  
  79  7:47  Starport  
  79  7:50  SCV  
  80  8:02  Planetary Fortress  
  80  8:06  Missile Turret  
  80  8:15  SCV  
  81  8:21  Battlecruiser  
  81  8:25  Starport Tech Lab  
  81  8:26  Starport Tech Lab  
  87  8:27  Missile Turret, SCV  
  87  8:32  Supply Depot  
  88  8:36  Refinery, Supply Depot  
  88  8:39  Refinery, SCV  
  88  8:40  SCV  
  90  8:46  Missile Turret  
  90  8:47  Missile Turret  
  90  8:51  SCV, Supply Depot  
  90  8:52  SCV  
  90  8:53  Supply Depot  
  92  8:58  Supply Depot  
  92  9:03  SCV  
  92  9:04  SCV  
  94  9:12  Battlecruiser  
  94  9:16  Supply Depot  
  100  9:23  SCV  
  101  9:26  SCV  
  101  9:28  SCV  
  103  9:35  SCV  
  103  9:38  SCV  
  105  9:40  SCV  
  95  9:52  Missile Turret  
  93  9:53  Missile Turret  
  90  10:04  Missile Turret x2  
  90  10:05  Missile Turret  
  86  10:07  Missile Turret x2  
  81  10:31  Battlecruiser x2  
  81  10:32  Battlecruiser  
  93  11:05  Battlecruiser  
  93  11:10  SCV  
  100  11:14  SCV  
  101  11:22  SCV  
  102  11:26  SCV  
  103  11:34  SCV  
  103  11:36  Battlecruiser  
  103  11:39  SCV  
  111  11:46  SCV  
  112  11:55  Battlecruiser  
  112  11:56  Battlecruiser  
  112  11:58  SCV  
  125  12:09  Battlecruiser  
  66  14:13  Battlecruiser x4  
  84  14:19  Command Center  
  84  14:45  Armory  
  84  14:46  Armory  
  80  15:17  Battlecruiser x2  
Tags
 
Add a new tag
Caveats
  • Supply blocks, unpowered buildings, or Contaminate may cause inaccurate times.
  • Supply counts are checked every 10 seconds.